 Dungeon Crawl Stone Soup version 0.19.5 (webtiles) character file.

312 hyperquik the Insei (level 6, -1/50 HPs)
             Began as a Draconian Transmuter on May 3, 2017.
             Was an Initiate of Ru.
             Slain by an orc wizard
             ... wielding a +0 dagger
              (6 damage)
             ... on level 4 of the Dungeon.
             The game lasted 00:12:18 (3959 turns).

hyperquik the Insei (Draconian Transmuter)          Turns: 3959, Time: 00:12:18

Health: -1/50      AC:  6    Str: 13    XL:     6   Next: 18%
Magic:  5/9        EV: 12    Int: 13    God:    Ru [......]
Gold:   191        SH:  0    Dex: 13    Spells: 3 memorised, 3 levels left

rFire  . . .     SeeInvis .       - Unarmed
rCold  . . .     Gourm    .     (armour unavailable)
rNeg   . . .     Faith    +     (no shield)
rPois  .         Spirit   .     (helmet restricted)
rElec  .         Reflect  .     (no cloak)
rCorr  +         Harm     .     (no gloves)
MR     .....                    (no boots)
Stlth  +.........               e - amulet of faith {Faith, !P}
                                (no ring)
                                C - ring of resist corrosion

@: appendage (expiring)
A: unfitting armour, horns 2, cold-blooded, AC +6
a: End Transformation, Renounce Religion


You were on level 4 of the Dungeon.
You worshipped Ru.
Ru was noncommittal.
You were not hungry.
You had grown temporary horns.
You visited 1 branch of the dungeon, and saw 4 of its levels.

You collected 191 gold pieces.

Inventory:

Missiles
 a - 53 arrows
 f - 6 tomahawks
 r - 13 poisoned needles
 s - a throwing net {=f}
 Q - 46 stones (quivered)
Jewellery
 e - an amulet of faith (around neck) {Faith, !P}
 C - a ring of resist corrosion (left hand)
Scrolls
 d - a scroll of recharging {unknown}
 i - a scroll of teleportation {unknown}
 j - 5 scrolls of identify {unknown}
 l - a scroll of fog {unknown}
 m - 2 scrolls of remove curse {unknown}
Potions
 n - a potion of flight {unknown}
 o - a potion of lignification {unknown}
 p - a potion of cancellation {unknown}
 q - a potion of cure mutation {unknown}
Books
 b - a book of Changes
Comestibles
 c - 5 bread rations
 g - a chunk of flesh
 h - a meat ration
 k - 7 fruits


   Skills:
 + Level 2.4 Fighting
 - Level 1.7 Dodging
 + Level 6.0 Unarmed Combat
 - Level 2.0 Spellcasting
 + Level 3.4 Transmutations


You had 3 spell levels left.
You knew the following spells:

 Your Spells              Type           Power        Failure   Level  Hunger
a - Beastly Appendage     Tmut           ##....       10%         1    ##.....
c - Spider Form           Tmut/Pois      #.........   38%         3    ####...
s - Sticks to Snakes      Tmut           ##......     12%         2    ###....


Dungeon Overview and Level Annotations

Branches:
Dungeon (4/15)
 Temple: D:4-7

Altars:
Ru
The Shining One


Innate Abilities, Weirdness & Mutations

Your plain brown scales are hard. (AC +6)
You cannot fit into any form of body armour.
You are cold-blooded and may be slowed by cold attacks.
You have a pair of horns on your head.


Message History

You hit the orc wizard.
You tail-slap the orc wizard, but do no damage.
The orc wizard closely misses you.
You punch the orc wizard!
You kill the orc wizard!
Your transformation is almost over.
The orc misses you.
You closely miss the orc. Something hits your adder.
The orc hits you with a war axe.
* * * LOW HITPOINT WARNING * * *
You take 4 damage, and have 8/50 hp.
You closely miss the orc. You headbutt the orc.
Something hits your adder but does no damage.
The orc hits you with a war axe.
* * * LOW HITPOINT WARNING * * *
You take 3 damage, and have 5/50 hp.
You swap places.
An orc comes into view. It is wielding a club.
The orc wizard hits you with a dagger.
You die...

### .. #.###
#.#o##
#..#S#########
#..###@.......#
#.. #o#####.#.#
#..#o## #.#.#
..... #.#.#
##..########.#.#
...........#.#.#
(.... #......#.#
... #.##.###.#
...
...#.##.###.#


You could see an orc wizard, 2 orcs and a friendly adder.

Vault maps used:
D:1:      shiori_arrival_maze, tso_metal_star
D:2:      nicolae_overflow_hidden_temple, first_bread, feat_on_display
D:3:      minmay_distorted
D:4:      st_stairs_10, led_xom_imps

Notes
Turn   | Place    | Note
-------+----------+-------------------------------------------
     0 | D:1      | hyperquik the Draconian Transmuter began the quest for the Orb.
     0 | D:1      | Reached XP level 1. HP: 16/16 MP: 3/3
    64 | D:1      | Identified an amulet of faith (You found it on level 1 of the Dungeon)
   243 | D:1      | Reached XP level 2. HP: 20/23 MP: 3/5
   265 | D:1      | Learned a level 2 spell: Sticks to Snakes
   437 | D:1      | Reached skill level 4 in Unarmed Combat
   474 | D:1      | Reached XP level 3. HP: 28/28 MP: 6/6
   552 | D:1      | Found a glowing golden altar of the Shining One.
  1476 | D:2      | Reached XP level 4. HP: 35/35 MP: 7/7
  1507 | D:2      | Identified a ring of resist corrosion (You found it on level 2 of the Dungeon)
  1567 | D:2      | Reached skill level 5 in Unarmed Combat
  1935 | D:2      | Found a sacrificial altar of Ru.
  2338 | D:2      | Became a worshipper of Ru the Awakened
  2657 | D:3      | Noticed a bullfrog
  2665 | D:3      | Killed a bullfrog
  2829 | D:3      | hyperquik: !lg saltcity tm -log
  2829 | D:3      | beem: 12. SaltCity, XL25 VSTm, T:70465: https://crawl.project357.org/morgue/SaltCity/morgue-SaltCity-20170501-134944.txt
  2829 | D:3      | hyperquik: !lg saltcity tm -log -2
  2829 | D:3      | beem: 11/12. SaltCity, XL2 VSTm, T:618: https://crawl.project357.org/morgue/SaltCity/morgue-SaltCity-20170501-120045.txt
  2829 | D:3      | hyperquik: !lg saltcity tm -log -3
  2829 | D:3      | beem: 10/12. SaltCity, XL9 VSTm, T:7222: https://crawl.project357.org/morgue/SaltCity/morgue-SaltCity-20170501-115947.txt
  2829 | D:3      | hyperquik: !lg saltcity tm won -log
  2829 | D:3      | beem: 1. SaltCity, XL25 VSTm, T:70465: https://crawl.project357.org/morgue/SaltCity/morgue-SaltCity-20170501-134944.txt
  2833 | D:3      | Learned a level 3 spell: Spider Form
  2842 | D:3      | Reached XP level 5. HP: 39/40 MP: 8/8
  3785 | D:4      | Reached skill level 3 in Transmutations
  3835 | D:4      | Reached skill level 2 in Fighting
  3928 | D:4      | HP: 6/41 [orc priest/club (6)]
  3930 | D:4      | Reached skill level 6 in Unarmed Combat
  3930 | D:4      | Reached XP level 6. HP: 8/48 MP: 5/9
  3957 | D:4      | HP: 8/50 [orc/war axe (5)]
  3959 | D:4      | Identified a +0 dagger
  3959 | D:4      | Slain by an orc wizard

Table legend:
 A = Turns spent in this place as a percentage of turns spent in the entire game.
 B = Non-inter-level travel turns spent in this place as a percentage of non-inter-level travel turns spent in the entire game.
 C = Inter-level travel turns spent in this place as a percentage of turns spent in this place.
 D = Turns resting spent in this place as a percentage of non-inter-level travel turns spent in this place.
 E = Turns spent auto-exploring this place as a percentage of non-inter-level travel turns spent in this place.
 F = Non-inter-level travel turns spent in this place divided by the number of levels of this place that you've seen.
                   A       B       C       D       E      F
               +-------+-------+-------+-------+-------+----------------------
         Total | 100.0 | 100.0 |   0.4 |   2.4 |   9.3 | 255.8
       Dungeon | 100.0 | 100.0 |   0.4 |   2.4 |   9.3 | 255.8
               +-------+-------+-------+-------+-------+----------------------

Table legend:
 A = Kills in this place as a percentage of kills in entire the game.
 B = Kills by you in this place as a percentage of kills by you in the entire game.
 C = Kills by friends in this place as a percentage of kills by friends in the entire game.
 D = Other kills in this place as a percentage of other kills in the entire game.
 E = Experience gained in this place as a percentage of experience gained in the entire game.
 F = Experience gained in this place divided by the number of levels of this place that you have seen.
                   A       B       C       D       E      F
               +-------+-------+-------+-------+-------+----------------------
         Total | 100.0 | 100.0 |  -nan |  -nan | 100.0 | 111.5
       Dungeon | 100.0 | 100.0 |  -nan |  -nan | 100.0 | 111.5
               +-------+-------+-------+-------+-------+----------------------

Skill      XL: |  1  2  3  4  5 |
---------------+----------------+-----
Unarmed Combat | 4 5 6 |  6.0
Transmutations | 3 |  3.4
Fighting       | 2 |  2.4
Dodging        | |  1.7
Spellcasting   | |  2.0

Action                   |  1- 3 |  4- 6 || total
-------------------------+-------+-------++-------
Melee: Unarmed           |   141 |   112 ||   253
       Kick              |     3 |    14 ||    17
       Tailslap          |    14 |    15 ||    29
       Headbutt          |     4 |     2 ||     6
       Punch             |     2 |     1 ||     3
Throw: Stone             |       |     7 ||     7
 Cast: Beastly Appendage |    11 |    11 ||    22
       Sticks to Snakes  |     1 |     8 ||     9
 Stab: Sleeping          |       |     1 ||     1
  Eat: Chunk             |     2 |     9 ||    11
Armor: Skin              |    30 |    31 ||    61
Dodge: Dodged            |    79 |    83 ||   162

Vanquished Creatures
  A bullfrog (D:3)
  A crimson imp (D:4)
  An orc priest (D:4)
  A hound (D:3)
  An orc wizard (D:4)
  A hound skeleton (D:4)
  3 gnolls (D:3)
  4 adders
  2 oozes (D:1)
  An adder skeleton (D:4)
  A worm (D:3)
  3 dart slugs
  2 leopard geckos
  A ball python (D:3)
  4 bats
  5 giant cockroaches
  7 hobgoblins
  4 jackals (D:1)
  6 kobolds
  6 frilled lizards
  10 goblins
  13 rats
78 creatures vanquished.
